[ AOE2 MATCH · #465779721 ]
Team RMHindustanis vs Britons
[ REPLAY ANALYSIS · EXTRACTED FROM THE RECORDED GAME ]
Feudal
10:31
Castle
—
Imperial
—
| APM avg | 47.9 |
| APM peak | 111 |
| eAPM avg | 15.6 |
| Villagers / military | 43 / 13 |
Focus
⚔️ 17.4% · 🌾 82.6%
Scout Cavalry ×12 · Spearman ×1
Feudal
10:47
Castle
—
Imperial
—
| APM avg | 33.0 |
| APM peak | 72 |
| eAPM avg | 16.6 |
| Villagers / military | 42 / 27 |
Focus
⚔️ 19.8% · 🌾 80.2%
Archer ×21 · Spearman ×3 · Skirmisher ×3
Feudal
11:21
Castle
15:26
Imperial
—
| APM avg | 32.5 |
| APM peak | 72 |
| eAPM avg | 15.9 |
| Villagers / military | 34 / 9 |
Focus
⚔️ 22.7% · 🌾 77.3%
Knight ×7 · Missionary ×2
Feudal
12:32
Castle
—
Imperial
—
| APM avg | 36.0 |
| APM peak | 69 |
| eAPM avg | 15.2 |
| Villagers / military | 29 / 0 |
Focus
⚔️ 24.0% · 🌾 76.0%
Feudal
11:17
Castle
—
Imperial
—
| APM avg | 40.7 |
| APM peak | 67 |
| eAPM avg | 22.5 |
| Villagers / military | 49 / 23 |
Focus
⚔️ 33.6% · 🌾 66.4%
Archer ×20 · Militia ×3
Feudal
12:27
Castle
—
Imperial
—
| APM avg | 34.8 |
| APM peak | 75 |
| eAPM avg | 16.7 |
| Villagers / military | 46 / 11 |
Focus
⚔️ 11.6% · 🌾 88.4%
Scout Cavalry ×11
Feudal
9:52
Castle
—
Imperial
—
| APM avg | 51.6 |
| APM peak | 88 |
| eAPM avg | 23.9 |
| Villagers / military | 48 / 32 |
Focus
⚔️ 31.8% · 🌾 68.2%
Archer ×31 · Spearman ×1
Feudal
11:48
Castle
—
Imperial
—
| APM avg | 27.0 |
| APM peak | 46 |
| eAPM avg | 15.1 |
| Villagers / military | 76 / 8 |
Focus
⚔️ 14.5% · 🌾 85.5%
Scout Cavalry ×8
Match map
Initial resources + every placement click. Lines = walls · curves = elevation contours. ◆ gold · ⬟ stone · ● berries · ✦ relic · ◌ wall gap
Your base· ✓ Closed at 19:05 · 42t walls · no gate
DippityDang's base· Open — unwalled flank
twitch.tv/sir_baron55's base· Open — 4t gap
_megatron_'s base· Open — 3t gap
Meesh's base· Open — unwalled flank
JorgeQuins's base· Open — unwalled flank
DesAnderes's base· Open — unwalled flank
jimmythicks's base· ✓ Closed at 19:37 · 0t walls · no gate
Smoothed initial terrain · ◌ = detected wall gap · hover for details
Inputs per minute
— Shenk - - DippityDang
Build order — Shenk
102 actions detected in the replay
| 0:01 | Create | Villager (Male) |
| 0:01 | Create | Villager (Male) |
| 0:02 | Create | Villager (Male) |
| 0:02 | Create | Villager (Male) |
| 0:02 | Create | Villager (Male) |
| 0:02 | Create | Villager (Male) |
| 0:03 | Build | House |
| 0:04 | Build | House |
| 1:31 | Create | Villager (Male) |
| 1:31 | Create | Villager (Male) |
| 1:50 | Create | Villager (Male) |
| 2:11 | Create | Villager (Male) |
| 2:11 | Create | Villager (Male) |
| 2:36 | Build | House |
| 2:47 | Create | Villager (Male) |
| 2:48 | Create | Villager (Male) |
| 2:51 | Build | Lumber Camp |
| 3:16 | Create | Villager (Male) |
| 3:33 | Create | Villager (Male) |
| 4:05 | Create | Villager (Male) |
| 4:22 | Create | Villager (Male) |
| 4:46 | Build | Mill |
| 4:51 | Create | Villager (Male) |
| 5:06 | Create | Villager (Male) |
| 5:29 | Create | Villager (Male) |
| 5:47 | Create | Villager (Male) |
| 5:55 | Build | House |
| 6:31 | Create | Villager (Male) |
| 6:53 | Build | Farm |
| 6:55 | Create | Villager (Male) |
| 7:13 | Create | Villager (Male) |
| 7:45 | Build | Mill |
| 7:50 | Create | Villager (Male) |
| 8:12 | Research | Feudal Age |
| 8:38 | Build | House |
| 9:22 | Build | Barracks |
| 10:01 | Research | Loom |
| 10:02 | Create | Villager (Male) |
| 10:26 | Build | House |
| 10:31 | Age | Feudal Age |
| 10:34 | Build | Stable |
| 10:41 | Create | Spearman |
| 10:46 | Create | Villager (Male) |
| 10:49 | Research | Double-Bit Axe |
| 10:56 | Research | Horse Collar |
| 11:14 | Create | Scout Cavalry |
| 11:14 | Create | Scout Cavalry |
| 11:15 | Create | Scout Cavalry |
| 11:15 | Create | Scout Cavalry |
| 11:27 | Build | House |
| 11:30 | Build | Palisade Wall |
| 11:34 | Build | Farm |
| 11:35 | Create | Villager (Male) |
| 11:49 | Build | House |
| 11:51 | Build | Palisade Wall |
| 11:55 | Build | Farm |
| 12:01 | Create | Villager (Male) |
| 12:14 | Build | Farm |
| 12:15 | Create | Villager (Male) |
| 12:39 | Create | Villager (Male) |
| 12:45 | Create | Scout Cavalry |
| 13:01 | Create | Villager (Male) |
| 13:12 | Build | Farm |
| 13:19 | Create | Scout Cavalry |
| 13:28 | Create | Villager (Male) |
| 13:39 | Create | Villager (Male) |
| 13:50 | Create | Villager (Male) |
| 13:57 | Create | Scout Cavalry |
| 14:09 | Build | Farm |
| 14:19 | Create | Scout Cavalry |
| 14:27 | Build | Blacksmith |
| 14:28 | Build | Palisade Wall |
| 14:30 | Build | Farm |
| 14:32 | Build | Farm |
| 14:35 | Build | Farm |
| 14:35 | Build | Farm |
| 14:37 | Build | Farm |
| 14:37 | Build | Farm |
| 14:39 | Create | Villager (Male) |
| 14:42 | Build | Farm |
| 14:54 | Build | Farm |
| 15:20 | Create | Villager (Male) |
| 15:32 | Create | Villager (Male) |
| 15:49 | Create | Villager (Male) |
| 16:24 | Create | Villager (Male) |
| 16:27 | Build | House |
| 16:29 | Build | Palisade Wall |
| 16:31 | Create | Villager (Male) |
| 16:34 | Build | Mining Camp |
| 16:47 | Create | Scout Cavalry |
| 16:47 | Create | Scout Cavalry |
| 17:21 | Build | House |
| 17:22 | Build | Palisade Wall |
| 17:24 | Build | Farm |
| 17:26 | Build | Farm |
| 17:27 | Create | Villager (Male) |
| 17:45 | Create | Scout Cavalry |
| 18:12 | Create | Scout Cavalry |
| 18:13 | Create | Villager (Male) |
| 19:05 | Research | Castle Age |
| 19:09 | Build | Farm |
| 19:09 | Build | Farm |
Build order — DippityDang
115 actions detected in the replay
| 0:02 | Research | Loom |
| 0:05 | Build | House |
| 0:06 | Build | House |
| 0:10 | Create | Villager (Male) |
| 0:17 | Create | Villager (Male) |
| 0:39 | Create | Villager (Male) |
| 1:37 | Create | Villager (Male) |
| 2:09 | Create | Villager (Male) |
| 2:22 | Build | Lumber Camp |
| 2:38 | Create | Villager (Male) |
| 3:00 | Create | Villager (Male) |
| 3:30 | Create | Villager (Male) |
| 3:53 | Build | House |
| 3:56 | Create | Villager (Male) |
| 4:18 | Create | Villager (Male) |
| 4:34 | Build | House |
| 4:41 | Create | Villager (Male) |
| 5:00 | Create | Villager (Male) |
| 5:15 | Create | Villager (Male) |
| 5:27 | Build | Mill |
| 5:38 | Create | Villager (Male) |
| 5:50 | Build | House |
| 6:22 | Create | Villager (Male) |
| 6:39 | Build | Mill |
| 6:50 | Create | Villager (Male) |
| 7:17 | Create | Villager (Male) |
| 7:38 | Create | Villager (Male) |
| 7:40 | Create | Villager (Male) |
| 8:12 | Build | Farm |
| 8:20 | Build | Farm |
| 8:37 | Research | Feudal Age |
| 9:42 | Build | Barracks |
| 10:03 | Create | Villager (Male) |
| 10:29 | Build | Mining Camp |
| 10:47 | Age | Feudal Age |
| 10:54 | Create | Villager (Male) |
| 11:10 | Build | Archery Range |
| 11:24 | Research | Double-Bit Axe |
| 11:35 | Create | Villager (Male) |
| 11:45 | Create | Archer |
| 11:47 | Create | Villager (Male) |
| 12:10 | Build | Blacksmith |
| 12:17 | Build | Blacksmith |
| 12:20 | Create | Archer |
| 12:21 | Create | Villager (Male) |
| 12:26 | Create | Villager (Male) |
| 12:30 | Create | Spearman |
| 12:34 | Build | House |
| 12:41 | Build | Palisade Wall |
| 12:46 | Build | Palisade Wall |
| 12:50 | Build | Palisade Wall |
| 13:06 | Build | Farm |
| 13:11 | Create | Archer |
| 13:20 | Research | Fletching |
| 13:20 | Research | Fletching |
| 13:21 | Create | Villager (Male) |
| 13:57 | Create | Villager (Male) |
| 14:01 | Create | Archer |
| 14:02 | Build | Farm |
| 14:03 | Build | Farm |
| 14:03 | Build | Farm |
| 14:06 | Build | Archery Range |
| 14:15 | Create | Archer |
| 14:23 | Create | Villager (Male) |
| 14:27 | Build | House |
| 14:42 | Create | Archer |
| 14:48 | Build | Farm |
| 14:50 | Build | House |
| 14:51 | Create | Villager (Male) |
| 15:03 | Create | Archer |
| 15:03 | Create | Villager (Male) |
| 15:19 | Create | Villager (Male) |
| 15:20 | Create | Archer |
| 15:21 | Create | Villager (Male) |
| 15:28 | Build | House |
| 15:29 | Build | Farm |
| 15:30 | Create | Villager (Male) |
| 15:32 | Create | Archer |
| 15:37 | Create | Villager (Male) |
| 16:06 | Create | Villager (Male) |
| 16:07 | Create | Archer |
| 16:08 | Build | House |
| 16:10 | Build | Archery Range |
| 16:11 | Create | Villager (Male) |
| 16:25 | Build | Farm |
| 16:25 | Build | Farm |
| 16:27 | Build | Farm |
| 16:27 | Build | Farm |
| 16:39 | Create | Villager (Male) |
| 16:43 | Create | Spearman |
| 17:05 | Create | Spearman |
| 17:13 | Create | Archer |
| 17:16 | Build | Farm |
| 17:19 | Build | Farm |
| 17:25 | Create | Archer |
| 17:27 | Build | Farm |
| 17:35 | Create | Archer |
| 17:36 | Create | Villager (Male) |
| 18:03 | Create | Villager (Male) |
| 18:09 | Create | Archer |
| 18:14 | Create | Villager (Male) |
| 18:15 | Build | Farm |
| 18:18 | Create | Archer |
| 18:19 | Create | Archer |
| 18:20 | Create | Archer |
| 18:20 | Create | Archer |
| 18:29 | Create | Skirmisher |
| 18:29 | Create | Archer |
| 18:55 | Create | Skirmisher |
| 18:55 | Create | Villager (Male) |
| 19:05 | Research | Padded Archer Armor |
| 19:08 | Create | Archer |
| 19:23 | Create | Skirmisher |
| 19:23 | Create | Archer |
| 19:39 | Create | Villager (Male) |
Build order — twitch.tv/sir_baron55
95 actions detected in the replay
| 0:00 | Create | Villager (Male) |
| 0:01 | Create | Villager (Male) |
| 0:02 | Build | House |
| 0:04 | Build | House |
| 0:13 | Create | Villager (Male) |
| 0:13 | Create | Villager (Male) |
| 1:22 | Create | Villager (Male) |
| 1:51 | Create | Villager (Male) |
| 1:53 | Build | Lumber Camp |
| 2:14 | Create | Villager (Male) |
| 2:39 | Create | Villager (Male) |
| 3:00 | Create | Villager (Male) |
| 3:38 | Create | Villager (Male) |
| 3:41 | Build | Mill |
| 3:58 | Create | Villager (Male) |
| 3:58 | Create | Villager (Male) |
| 4:03 | Build | House |
| 4:28 | Create | Villager (Male) |
| 4:28 | Create | Villager (Male) |
| 4:55 | Create | Villager (Male) |
| 5:22 | Create | Villager (Male) |
| 5:28 | Build | Mill |
| 5:46 | Create | Villager (Male) |
| 6:00 | Create | Villager (Male) |
| 6:17 | Create | Villager (Male) |
| 6:18 | Create | Villager (Male) |
| 6:34 | Build | House |
| 7:05 | Create | Villager (Male) |
| 7:32 | Create | Villager (Male) |
| 7:37 | Build | Mill |
| 7:47 | Create | Villager (Male) |
| 8:03 | Build | Mining Camp |
| 8:17 | Research | Loom |
| 9:11 | Research | Feudal Age |
| 9:28 | Build | House |
| 10:15 | Build | Farm |
| 10:16 | Build | Farm |
| 10:31 | Build | House |
| 10:32 | Build | Palisade Wall |
| 11:06 | Build | Barracks |
| 11:21 | Age | Feudal Age |
| 11:22 | Create | Villager (Male) |
| 11:39 | Create | Villager (Male) |
| 11:51 | Build | Stable |
| 12:10 | Create | Villager (Male) |
| 12:12 | Build | Blacksmith |
| 12:33 | Build | Farm |
| 12:39 | Build | House |
| 12:40 | Build | Palisade Wall |
| 12:46 | Research | Castle Age |
| 13:18 | Research | Horse Collar |
| 13:25 | Build | Farm |
| 13:25 | Build | Farm |
| 13:29 | Build | Farm |
| 13:33 | Build | Farm |
| 13:37 | Build | Farm |
| 13:55 | Research | Double-Bit Axe |
| 14:38 | Build | Palisade Wall |
| 14:49 | Build | Lumber Camp |
| 14:57 | Build | Farm |
| 15:01 | Research | Bloodlines |
| 15:26 | Age | Castle Age |
| 15:29 | Create | Villager (Male) |
| 15:31 | Create | Knight |
| 15:31 | Create | Knight |
| 15:36 | Build | Monastery |
| 15:45 | Create | Villager (Male) |
| 15:46 | Build | Farm |
| 16:19 | Create | Villager (Male) |
| 16:21 | Create | Missionary |
| 16:34 | Create | Villager (Male) |
| 16:37 | Build | Farm |
| 16:38 | Build | Farm |
| 16:39 | Build | Farm |
| 16:40 | Build | Farm |
| 17:01 | Create | Knight |
| 17:06 | Build | House |
| 17:09 | Build | Palisade Wall |
| 17:25 | Build | Palisade Wall |
| 17:27 | Build | House |
| 17:30 | Build | House |
| 17:36 | Build | House |
| 17:55 | Create | Knight |
| 18:13 | Create | Villager (Male) |
| 18:21 | Build | Palisade Wall |
| 18:24 | Create | Missionary |
| 18:28 | Build | Palisade Wall |
| 18:50 | Create | Knight |
| 18:51 | Create | Villager (Male) |
| 19:08 | Create | Knight |
| 19:09 | Create | Villager (Male) |
| 19:24 | Build | Palisade Wall |
| 19:26 | Build | Palisade Gate |
| 19:45 | Create | Villager (Male) |
| 19:48 | Create | Knight |
Build order — _megatron_
66 actions detected in the replay
| 0:03 | Build | House |
| 0:04 | Build | House |
| 0:09 | Create | Villager (Male) |
| 0:10 | Create | Villager (Male) |
| 0:10 | Create | Villager (Male) |
| 0:12 | Create | Villager (Male) |
| 1:38 | Create | Villager (Male) |
| 2:09 | Create | Villager (Male) |
| 2:25 | Build | Lumber Camp |
| 2:27 | Create | Villager (Male) |
| 3:01 | Create | Villager (Male) |
| 3:02 | Create | Villager (Male) |
| 3:18 | Create | Villager (Male) |
| 3:56 | Create | Villager (Male) |
| 4:07 | Build | House |
| 4:09 | Create | Villager (Male) |
| 5:04 | Create | Villager (Male) |
| 5:20 | Build | Mill |
| 5:22 | Create | Villager (Male) |
| 5:35 | Create | Villager (Male) |
| 5:59 | Build | House |
| 6:20 | Create | Villager (Male) |
| 6:21 | Create | Villager (Male) |
| 6:26 | Build | House |
| 6:33 | Create | Villager (Male) |
| 7:49 | Create | Villager (Male) |
| 7:50 | Research | Loom |
| 8:17 | Build | Palisade Wall |
| 8:17 | Build | Palisade Wall |
| 8:20 | Build | Palisade Wall |
| 8:21 | Build | Palisade Wall |
| 8:40 | Create | Villager (Male) |
| 8:55 | Create | Villager (Male) |
| 8:58 | Create | Villager (Male) |
| 9:07 | Create | Villager (Male) |
| 9:30 | Build | Mill |
| 10:22 | Research | Feudal Age |
| 10:33 | Build | Mining Camp |
| 10:47 | Build | Palisade Wall |
| 10:54 | Build | House |
| 10:56 | Build | Palisade Wall |
| 11:44 | Build | Lumber Camp |
| 12:08 | Build | Barracks |
| 12:32 | Age | Feudal Age |
| 12:43 | Build | House |
| 13:03 | Build | Watch Tower |
| 13:06 | Build | House |
| 13:09 | Build | Palisade Wall |
| 13:26 | Build | Market |
| 13:49 | Build | Palisade Gate |
| 14:07 | Build | Palisade Wall |
| 14:15 | Create | Villager (Male) |
| 14:15 | Create | Villager (Male) |
| 14:27 | Build | Palisade Gate |
| 15:04 | Build | Farm |
| 15:05 | Build | Farm |
| 15:07 | Build | Farm |
| 15:10 | Build | Farm |
| 16:14 | Create | Villager (Male) |
| 16:15 | Create | Villager (Male) |
| 16:26 | Build | House |
| 16:29 | Build | Palisade Wall |
| 16:52 | Create | Villager (Male) |
| 17:29 | Build | Archery Range |
| 17:34 | Create | Villager (Male) |
| 18:09 | Research | Castle Age |
Build order — Meesh
111 actions detected in the replay
| 0:01 | Create | Villager (Male) ×4 |
| 0:03 | Build | House |
| 0:04 | Build | House |
| 1:30 | Create | Villager (Male) |
| 1:53 | Build | Lumber Camp |
| 2:11 | Create | Villager (Male) |
| 2:11 | Create | Villager (Male) |
| 2:26 | Create | Villager (Male) |
| 3:00 | Create | Villager (Male) |
| 3:19 | Create | Villager (Male) |
| 3:19 | Create | Villager (Male) |
| 3:44 | Create | Villager (Male) |
| 4:05 | Create | Villager (Male) |
| 4:09 | Build | Mill |
| 4:22 | Build | House |
| 4:42 | Create | Villager (Male) |
| 5:09 | Create | Villager (Male) |
| 5:25 | Create | Villager (Male) |
| 6:12 | Create | Villager (Male) |
| 6:31 | Build | House |
| 6:34 | Create | Villager (Male) |
| 6:47 | Create | Villager (Male) |
| 6:52 | Create | Villager (Male) |
| 6:55 | Build | House |
| 7:07 | Create | Villager (Male) |
| 7:27 | Create | Villager (Male) |
| 7:47 | Build | Mill |
| 7:54 | Create | Villager (Male) |
| 8:01 | Build | Barracks |
| 8:04 | Create | Villager (Male) |
| 8:33 | Research | Loom |
| 8:44 | Build | House |
| 8:57 | Research | Feudal Age |
| 9:40 | Create | Militia ×2 |
| 10:23 | Create | Villager (Male) |
| 10:32 | Create | Villager (Male) |
| 10:41 | Build | Mining Camp |
| 10:55 | Create | Militia |
| 11:17 | Age | Feudal Age |
| 11:27 | Create | Villager (Male) |
| 11:38 | Build | Archery Range |
| 11:42 | Build | Blacksmith |
| 11:46 | Create | Villager (Male) |
| 11:50 | Research | Man-at-Arms (upgrade) |
| 11:50 | Research | Man-at-Arms (upgrade) |
| 12:02 | Create | Villager (Male) |
| 12:05 | Create | Villager (Male) |
| 12:15 | Create | Archer |
| 12:22 | Create | Villager (Male) |
| 12:27 | Create | Villager (Male) |
| 12:41 | Create | Villager (Male) |
| 12:49 | Create | Archer |
| 12:53 | Build | Archery Range |
| 12:59 | Create | Villager (Male) |
| 13:03 | Create | Villager (Male) |
| 13:34 | Build | Lumber Camp |
| 13:39 | Create | Villager (Male) |
| 13:45 | Create | Villager (Male) |
| 13:47 | Create | Archer |
| 13:56 | Build | Palisade Wall |
| 14:01 | Build | House |
| 14:03 | Create | Villager (Male) |
| 14:10 | Build | House |
| 14:21 | Build | House |
| 14:26 | Build | House |
| 14:30 | Create | Archer ×2 |
| 14:30 | Create | Archer ×2 |
| 14:37 | Build | Palisade Wall |
| 14:41 | Build | Palisade Wall |
| 14:51 | Create | Archer ×3 |
| 14:52 | Create | Archer |
| 15:23 | Create | Archer |
| 15:24 | Create | Villager (Male) |
| 15:26 | Create | Villager (Male) |
| 15:34 | Build | Palisade Gate |
| 15:38 | Build | House |
| 15:45 | Build | Watch Tower |
| 16:08 | Create | Archer ×2 |
| 16:13 | Create | Villager (Male) |
| 16:24 | Create | Villager (Male) |
| 16:33 | Create | Villager (Male) |
| 16:36 | Build | Lumber Camp |
| 16:36 | Create | Villager (Male) |
| 16:48 | Research | Fletching |
| 16:49 | Create | Villager (Male) |
| 16:58 | Create | Villager (Male) |
| 17:07 | Create | Villager (Male) |
| 17:13 | Build | Palisade Wall |
| 17:20 | Build | Palisade Wall |
| 17:38 | Create | Archer ×2 |
| 17:58 | Build | Palisade Wall |
| 17:59 | Build | Palisade Wall |
| 18:10 | Build | Farm |
| 18:10 | Build | Farm |
| 18:11 | Build | Farm |
| 18:11 | Build | Farm |
| 18:11 | Build | Farm |
| 18:11 | Build | Farm |
| 18:12 | Build | Farm |
| 18:12 | Build | Farm |
| 18:12 | Build | Farm |
| 18:13 | Build | Farm |
| 18:13 | Build | Farm |
| 18:15 | Create | Villager (Male) |
| 18:16 | Create | Villager (Male) |
| 18:40 | Build | House |
| 18:40 | Build | House |
| 18:52 | Build | Farm |
| 18:56 | Create | Archer ×4 |
| 19:39 | Build | Farm |
| 19:39 | Build | Farm |
Build order — JorgeQuins
108 actions detected in the replay
| 0:04 | Research | Loom |
| 0:04 | Create | Villager (Male) |
| 0:05 | Create | Villager (Male) |
| 0:05 | Create | Villager (Male) |
| 0:06 | Build | House |
| 0:08 | Build | House |
| 0:21 | Create | Villager (Male) |
| 0:21 | Create | Villager (Male) |
| 1:46 | Create | Villager (Male) |
| 1:46 | Create | Villager (Male) |
| 2:21 | Create | Villager (Male) |
| 2:21 | Create | Villager (Male) |
| 2:57 | Create | Villager (Male) |
| 2:58 | Create | Villager (Male) |
| 2:58 | Create | Villager (Male) |
| 2:58 | Create | Villager (Male) |
| 3:11 | Create | Villager (Male) |
| 3:11 | Create | Villager (Male) |
| 3:11 | Create | Villager (Male) |
| 3:12 | Create | Villager (Male) |
| 3:36 | Build | Lumber Camp |
| 3:51 | Create | Villager (Male) |
| 3:51 | Create | Villager (Male) |
| 3:57 | Build | House |
| 3:58 | Build | House |
| 4:36 | Create | Villager (Male) |
| 4:36 | Create | Villager (Male) |
| 5:47 | Create | Villager (Male) |
| 5:47 | Create | Villager (Male) |
| 6:32 | Build | Mill |
| 6:34 | Create | Villager (Male) |
| 7:01 | Create | Villager (Male) |
| 7:02 | Create | Villager (Male) |
| 7:37 | Create | Villager (Male) |
| 7:42 | Build | Mill |
| 8:01 | Create | Villager (Male) |
| 8:10 | Build | Farm |
| 8:46 | Create | Villager (Male) |
| 8:51 | Build | Farm |
| 8:53 | Build | Farm |
| 9:12 | Create | Villager (Male) |
| 9:28 | Build | House |
| 10:17 | Research | Feudal Age |
| 10:17 | Research | Feudal Age |
| 10:20 | Build | Barracks |
| 11:17 | Build | House |
| 11:46 | Create | Villager (Male) |
| 11:46 | Create | Villager (Male) |
| 12:27 | Age | Feudal Age |
| 12:29 | Build | Stable |
| 12:40 | Research | Double-Bit Axe |
| 12:41 | Research | Double-Bit Axe |
| 12:50 | Build | Blacksmith |
| 12:53 | Create | Villager (Male) |
| 13:00 | Create | Scout Cavalry |
| 13:00 | Create | Scout Cavalry |
| 13:00 | Create | Scout Cavalry |
| 13:01 | Create | Scout Cavalry |
| 13:03 | Create | Scout Cavalry |
| 13:27 | Research | Wheelbarrow |
| 13:27 | Research | Wheelbarrow |
| 13:37 | Research | Scale Barding Armor |
| 13:37 | Research | Scale Barding Armor |
| 13:50 | Build | Farm |
| 13:51 | Build | Farm |
| 13:52 | Build | Farm |
| 13:53 | Build | Farm |
| 14:02 | Create | Villager (Male) |
| 14:02 | Create | Villager (Male) |
| 14:07 | Build | Farm |
| 14:09 | Build | Farm |
| 14:10 | Build | Farm |
| 14:30 | Create | Villager (Male) |
| 14:32 | Build | Farm |
| 14:35 | Build | Farm |
| 14:53 | Build | House |
| 14:54 | Build | House |
| 15:14 | Create | Scout Cavalry |
| 15:25 | Build | Farm |
| 15:26 | Build | Farm |
| 15:27 | Build | Farm |
| 15:30 | Create | Villager (Male) |
| 15:40 | Research | Forging |
| 15:40 | Research | Forging |
| 15:54 | Create | Villager (Male) |
| 15:55 | Create | Villager (Male) |
| 15:57 | Build | House |
| 15:59 | Build | House |
| 16:00 | Build | House |
| 16:11 | Build | Farm |
| 16:11 | Build | Farm |
| 16:23 | Build | Mining Camp |
| 16:32 | Create | Villager (Male) |
| 16:48 | Build | House |
| 16:51 | Create | Villager (Male) |
| 17:05 | Create | Villager (Male) |
| 17:07 | Build | Farm |
| 17:09 | Build | Farm |
| 17:29 | Create | Scout Cavalry |
| 17:29 | Create | Scout Cavalry |
| 17:29 | Create | Scout Cavalry |
| 17:34 | Build | Watch Tower |
| 17:48 | Create | Scout Cavalry |
| 17:49 | Create | Scout Cavalry |
| 18:27 | Create | Villager (Male) |
| 18:27 | Create | Villager (Male) |
| 18:46 | Create | Villager (Male) |
| 18:46 | Create | Villager (Male) |
Build order — DesAnderes
132 actions detected in the replay
| 0:01 | Create | Villager (Male) |
| 0:01 | Create | Villager (Male) |
| 0:01 | Create | Villager (Male) |
| 0:02 | Build | House |
| 0:03 | Build | House |
| 0:14 | Create | Villager (Male) |
| 0:14 | Create | Villager (Male) |
| 0:14 | Create | Villager (Male) |
| 1:28 | Create | Villager (Male) |
| 1:28 | Create | Villager (Male) |
| 1:48 | Build | Lumber Camp |
| 2:00 | Build | Lumber Camp |
| 2:12 | Create | Villager (Male) |
| 2:12 | Create | Villager (Male) |
| 2:12 | Create | Villager (Male) |
| 2:39 | Create | Villager (Male) |
| 2:40 | Create | Villager (Male) |
| 2:51 | Build | House |
| 2:55 | Build | House |
| 3:01 | Create | Villager (Male) |
| 3:01 | Create | Villager (Male) |
| 3:37 | Build | Mill |
| 3:40 | Create | Villager (Male) |
| 3:40 | Create | Villager (Male) |
| 3:58 | Create | Villager (Male) |
| 3:58 | Create | Villager (Male) |
| 4:46 | Create | Villager (Male) |
| 4:46 | Create | Villager (Male) |
| 5:11 | Build | Mining Camp |
| 5:34 | Create | Villager (Male) |
| 5:36 | Create | Villager (Male) |
| 5:36 | Create | Villager (Male) |
| 6:06 | Create | Villager (Male) |
| 6:06 | Create | Villager (Male) |
| 6:06 | Create | Villager (Male) |
| 7:16 | Research | Loom |
| 7:42 | Research | Feudal Age |
| 8:11 | Build | House |
| 8:25 | Create | Villager (Male) |
| 8:40 | Build | Barracks |
| 9:52 | Age | Feudal Age |
| 9:54 | Build | Archery Range |
| 9:56 | Build | Archery Range |
| 10:02 | Research | Double-Bit Axe |
| 10:02 | Research | Double-Bit Axe |
| 10:14 | Build | House |
| 10:14 | Build | Palisade Wall |
| 10:16 | Build | Palisade Wall |
| 10:21 | Create | Villager (Male) |
| 10:21 | Create | Villager (Male) |
| 10:30 | Build | Palisade Wall |
| 10:45 | Create | Villager (Male) |
| 10:45 | Create | Villager (Male) |
| 10:50 | Create | Archer |
| 10:57 | Create | Archer |
| 11:03 | Build | House |
| 11:05 | Create | Archer |
| 11:21 | Build | Blacksmith |
| 11:38 | Create | Archer |
| 11:39 | Create | Archer |
| 11:40 | Create | Villager (Male) |
| 12:01 | Build | House |
| 12:10 | Create | Archer |
| 12:10 | Create | Archer |
| 12:12 | Research | Fletching |
| 12:14 | Create | Villager (Male) |
| 12:23 | Create | Spearman |
| 12:29 | Build | Mill |
| 12:40 | Create | Archer |
| 12:40 | Create | Archer |
| 12:54 | Create | Archer |
| 12:54 | Create | Archer |
| 12:55 | Create | Villager (Male) |
| 13:11 | Create | Archer |
| 13:23 | Build | Farm |
| 13:29 | Build | Farm |
| 13:29 | Build | Farm |
| 13:31 | Create | Archer |
| 13:31 | Create | Archer |
| 13:31 | Create | Villager (Male) |
| 13:41 | Create | Archer |
| 13:42 | Create | Archer |
| 13:48 | Build | House |
| 13:50 | Build | House |
| 13:56 | Create | Archer |
| 13:56 | Create | Archer |
| 13:57 | Create | Villager (Male) |
| 14:50 | Create | Archer |
| 14:50 | Create | Archer |
| 14:51 | Create | Villager (Male) |
| 14:54 | Build | Farm |
| 14:55 | Build | Farm |
| 14:56 | Build | Farm |
| 14:58 | Create | Villager (Male) |
| 15:15 | Create | Archer |
| 15:17 | Create | Villager (Male) |
| 15:22 | Build | Farm |
| 15:32 | Create | Archer |
| 15:32 | Create | Villager (Male) |
| 15:47 | Build | Farm |
| 15:56 | Create | Archer |
| 16:08 | Build | House |
| 16:09 | Build | House |
| 16:11 | Build | House |
| 16:28 | Build | House |
| 16:30 | Build | House |
| 16:33 | Build | House |
| 16:35 | Create | Archer |
| 16:37 | Create | Villager (Male) |
| 16:37 | Create | Archer |
| 16:47 | Build | House |
| 16:51 | Create | Villager (Male) |
| 17:01 | Build | Farm |
| 17:08 | Create | Archer |
| 17:09 | Create | Archer |
| 17:36 | Create | Archer |
| 17:36 | Create | Archer |
| 17:36 | Create | Villager (Male) |
| 17:48 | Create | Archer |
| 17:48 | Create | Villager (Male) |
| 18:23 | Build | House |
| 18:23 | Create | Archer |
| 18:24 | Create | Villager (Male) |
| 18:29 | Build | Market |
| 18:50 | Build | Farm |
| 19:07 | Build | Lumber Camp |
| 19:13 | Create | Villager (Male) |
| 19:31 | Build | House |
| 19:31 | Build | Palisade Wall |
| 19:34 | Build | Farm |
| 19:48 | Build | Farm |
| 19:49 | Create | Villager (Male) |
Build order — jimmythicks
128 actions detected in the replay
| 0:02 | Create | Villager (Male) |
| 0:02 | Create | Villager (Male) |
| 0:02 | Create | Villager (Male) |
| 0:04 | Build | House |
| 0:05 | Build | House |
| 0:06 | Build | House |
| 0:49 | Create | Villager (Male) |
| 0:50 | Create | Villager (Male) |
| 0:50 | Create | Villager (Male) |
| 0:50 | Create | Villager (Male) |
| 1:36 | Create | Villager (Male) |
| 1:36 | Create | Villager (Male) |
| 1:49 | Build | Lumber Camp |
| 2:14 | Create | Villager (Male) |
| 2:15 | Create | Villager (Male) |
| 2:15 | Create | Villager (Male) |
| 2:15 | Create | Villager (Male) |
| 2:16 | Create | Villager (Male) |
| 2:36 | Create | Villager (Male) |
| 2:36 | Create | Villager (Male) |
| 2:37 | Create | Villager (Male) |
| 2:37 | Create | Villager (Male) |
| 2:37 | Create | Villager (Male) |
| 3:00 | Create | Villager (Male) |
| 3:01 | Create | Villager (Male) |
| 3:01 | Create | Villager (Male) |
| 3:01 | Create | Villager (Male) |
| 3:18 | Create | Villager (Male) |
| 3:18 | Create | Villager (Male) |
| 3:19 | Create | Villager (Male) |
| 3:19 | Create | Villager (Male) |
| 3:19 | Research | Loom |
| 3:20 | Research | Loom |
| 3:20 | Research | Loom |
| 3:20 | Research | Loom |
| 3:21 | Research | Loom |
| 4:31 | Create | Villager (Male) |
| 4:31 | Create | Villager (Male) |
| 4:32 | Create | Villager (Male) |
| 4:32 | Create | Villager (Male) |
| 4:33 | Create | Villager (Male) |
| 4:57 | Create | Villager (Male) |
| 4:57 | Create | Villager (Male) |
| 4:57 | Create | Villager (Male) |
| 4:57 | Create | Villager (Male) |
| 4:58 | Create | Villager (Male) |
| 5:21 | Build | Barracks |
| 5:26 | Build | House |
| 5:29 | Create | Villager (Male) |
| 5:30 | Create | Villager (Male) |
| 5:30 | Create | Villager (Male) |
| 5:30 | Create | Villager (Male) |
| 5:31 | Create | Villager (Male) |
| 5:31 | Create | Villager (Male) |
| 5:41 | Create | Villager (Male) |
| 5:41 | Create | Villager (Male) |
| 5:41 | Create | Villager (Male) |
| 5:42 | Create | Villager (Male) |
| 6:14 | Create | Villager (Male) |
| 6:15 | Create | Villager (Male) |
| 6:15 | Create | Villager (Male) |
| 6:15 | Create | Villager (Male) |
| 6:43 | Build | House |
| 7:02 | Create | Villager (Male) |
| 7:03 | Create | Villager (Male) |
| 7:03 | Create | Villager (Male) |
| 7:04 | Create | Villager (Male) |
| 8:36 | Create | Villager (Male) |
| 8:48 | Create | Villager (Male) |
| 9:38 | Research | Feudal Age |
| 9:38 | Research | Feudal Age |
| 9:38 | Research | Feudal Age |
| 9:38 | Research | Feudal Age |
| 9:39 | Research | Feudal Age |
| 10:21 | Build | House |
| 10:48 | Build | Mill |
| 11:06 | Create | Villager (Male) |
| 11:06 | Create | Villager (Male) |
| 11:06 | Create | Villager (Male) |
| 11:06 | Create | Villager (Male) |
| 11:07 | Create | Villager (Male) |
| 11:37 | Build | House |
| 11:48 | Age | Feudal Age |
| 11:56 | Build | Stable |
| 12:10 | Build | Mining Camp |
| 12:20 | Research | Double-Bit Axe |
| 12:20 | Research | Double-Bit Axe |
| 12:20 | Research | Double-Bit Axe |
| 12:21 | Research | Double-Bit Axe |
| 12:21 | Research | Double-Bit Axe |
| 12:55 | Create | Scout Cavalry |
| 12:55 | Create | Scout Cavalry |
| 12:56 | Create | Scout Cavalry |
| 13:02 | Build | Blacksmith |
| 13:32 | Build | Pasture |
| 13:51 | Create | Scout Cavalry |
| 13:54 | Research | Forging |
| 14:01 | Build | Stable |
| 14:16 | Build | Pasture |
| 14:26 | Create | Villager (Male) |
| 14:26 | Create | Villager (Male) |
| 14:26 | Create | Villager (Male) |
| 14:27 | Create | Villager (Male) |
| 14:27 | Create | Villager (Male) |
| 14:42 | Build | Pasture |
| 14:46 | Create | Scout Cavalry |
| 15:06 | Build | Pasture |
| 15:11 | Create | Villager (Male) |
| 15:28 | Create | Scout Cavalry |
| 15:28 | Create | Scout Cavalry |
| 15:38 | Build | Pasture |
| 15:53 | Create | Scout Cavalry |
| 16:13 | Build | Pasture |
| 16:22 | Research | Scale Barding Armor |
| 17:25 | Create | Villager (Male) |
| 17:29 | Create | Villager (Male) |
| 17:29 | Create | Villager (Male) |
| 17:30 | Create | Villager (Male) |
| 17:30 | Create | Villager (Male) |
| 17:30 | Create | Villager (Male) |
| 17:30 | Create | Villager (Male) |
| 18:19 | Build | Pasture |
| 18:21 | Research | Tech 1014 |
| 18:25 | Build | Pasture |
| 18:29 | Build | Pasture |
| 18:35 | Create | Villager (Male) |
| 18:40 | Build | Pasture |
| 19:37 | Research | Castle Age |
Match timeline
| 5:21 | jimmythicks · first_building Barracks |
| 8:01 | Meesh · first_building Barracks |
| 8:17 | _megatron_ · wall_segment Palisade Wall x1 |
| 8:17 | _megatron_ · wall_segment Palisade Wall x1 |
| 8:20 | _megatron_ · wall_segment Palisade Wall x1 |
| 8:21 | _megatron_ · wall_segment Palisade Wall x1 |
| 8:40 | DesAnderes · first_building Barracks |
| 9:22 | Shenk · first_building Barracks |
| 9:42 | DippityDang · first_building Barracks |
| 9:52 | DesAnderes · age_up feudal |
| 9:54 | DesAnderes · first_building Archery Range |
| 10:14 | DesAnderes · wall_segment Palisade Wall x1 |
| 10:16 | DesAnderes · wall_segment Palisade Wall x3 |
| 10:20 | JorgeQuins · first_building Barracks |
| 10:30 | DesAnderes · wall_segment Palisade Wall x1 |
| 10:31 | Shenk · age_up feudal |
| 10:32 | twitch.tv/sir_baron55 · wall_segment Palisade Wall x2 |
| 10:34 | Shenk · first_building Stable |
| 10:47 | _megatron_ · wall_segment Palisade Wall x8 |
| 10:47 | DippityDang · age_up feudal |
| 10:56 | _megatron_ · wall_segment Palisade Wall x2 |
| 11:06 | twitch.tv/sir_baron55 · first_building Barracks |
| 11:10 | DippityDang · first_building Archery Range |
| 11:17 | Meesh · age_up feudal |
| 11:21 | twitch.tv/sir_baron55 · age_up feudal |
| 11:30 | Shenk · wall_segment Palisade Wall x3 |
| 11:38 | Meesh · first_building Archery Range |
| 11:48 | jimmythicks · age_up feudal |
| 11:51 | twitch.tv/sir_baron55 · first_building Stable |
| 11:51 | Shenk · wall_segment Palisade Wall x9 |
| 11:56 | jimmythicks · first_building Stable |
| 12:08 | _megatron_ · first_building Barracks |
| 12:27 | JorgeQuins · age_up feudal |
| 12:29 | JorgeQuins · first_building Stable |
| 12:32 | _megatron_ · age_up feudal |
| 12:40 | twitch.tv/sir_baron55 · wall_segment Palisade Wall x1 |
| 12:41 | DippityDang · wall_segment Palisade Wall x1 |
| 12:46 | DippityDang · wall_segment Palisade Wall x1 |
| 12:50 | DippityDang · wall_segment Palisade Wall x1 |
| 13:09 | _megatron_ · wall_segment Palisade Wall x14 |
| 13:56 | Meesh · wall_segment Palisade Wall x3 |
| 14:07 | _megatron_ · wall_segment Palisade Wall x3 |
| 14:28 | Shenk · wall_segment Palisade Wall x4 |
| 14:37 | Meesh · wall_segment Palisade Wall x3 |
| 14:38 | twitch.tv/sir_baron55 · wall_segment Palisade Wall x12 |
| 14:41 | Meesh · wall_segment Palisade Wall x1 |
| 15:26 | twitch.tv/sir_baron55 · age_up castle |
| 15:36 | twitch.tv/sir_baron55 · first_building Monastery |
| 16:29 | _megatron_ · wall_segment Palisade Wall x1 |
| 16:29 | Shenk · wall_segment Palisade Wall x15 |
| 17:09 | twitch.tv/sir_baron55 · wall_segment Palisade Wall x12 |
| 17:13 | Meesh · wall_segment Palisade Wall x5 |
| 17:20 | Meesh · wall_segment Palisade Wall x10 |
| 17:22 | Shenk · wall_segment Palisade Wall x11 |
| 17:25 | twitch.tv/sir_baron55 · wall_segment Palisade Wall x1 |
| 17:29 | _megatron_ · first_building Archery Range |
| 17:40 | _megatron_ · first_market_buy 100 food |
| 17:58 | Meesh · wall_segment Palisade Wall x9 |
| 17:59 | Meesh · wall_segment Palisade Wall x8 |
| 18:21 | twitch.tv/sir_baron55 · wall_segment Palisade Wall x6 |
| 18:28 | twitch.tv/sir_baron55 · wall_segment Palisade Wall x5 |
| 19:16 | JorgeQuins · resign |
| 19:24 | twitch.tv/sir_baron55 · wall_segment Palisade Wall x4 |
| 19:31 | DesAnderes · wall_segment Palisade Wall x1 |
[ AI ANALYSIS · 1 CREDIT ]
What really happened in this match?
Wolo.gg analyzes every decision: build order, eco, micro, common mistakes by bracket. Personalized analysis on WhatsApp or Discord in 30 seconds.
Civ guide
Hindustanis
Map guide
MegaRandom
Perfil
Jugador #4525815